 Dungeon Crawl Stone Soup version 0.32-a0-908-g8e5f33bbaa (webtiles) character file.

Game seed: 5717589973762247703

65 Nvm9 the Trooper (level 4, -5/35 HPs)
             Began as a Coglin Fighter on Apr 6, 2024.
             Slain by an iguana (10 damage)
             ... on level 3 of the Dungeon.
             The game lasted 00:02:17 (1389 turns).

Nvm9 the Trooper (Coglin Fighter)                   Turns: 1389, Time: 00:02:17

Health: -5/35      AC:  9    Str: 18    XL:     4   Next: 13%
Magic:  4/4        EV:  9    Int:  8    God:
Gold:   97         SH:  0    Dex: 13    Spells: 3/3 levels left

rFire   . . .        a - +0 war axe {Arif}
rCold   . . .        n - +0 flail {Aida}
rNeg    . . .        b - +0 scale mail
rPois   .            (no helmet)
rElec   .            (no cloak)
rCorr   .            (no gloves)
SInv    .            s - +2 pair of boots
Will    .....        (amulet unavailable) Stlth
                     (ring unavailable)
HPRegen 0.25/turn    (ring unavailable)
MPRegen 0.09/turn    (no gizmo)

%: no passive effects
@: mighty, revved
A: off-hand wielding, slow wielding, warmup strikes, no jewellery
a: Invent Gizmo


You were on level 3 of the Dungeon.
You visited 1 branch of the dungeon, and saw 3 of its levels.

You collected 97 gold pieces.

Inventory:

Hand Weapons
 a - a +0 war axe (weapon) {Arif}
 n - a +0 flail (offhand) {Aida}
Missiles
 o - 5 curare-tipped darts (quivered)
 t - 4 poisoned darts
 u - 5 boomerangs
Armour
 b - a +0 scale mail (worn)
 c - a +0 buckler
 m - a +0 kite shield
 s - a +2 pair of boots (worn)
Scrolls
 e - 2 scrolls of amnesia {unknown}
 h - 2 scrolls of teleportation {unknown}
 i - a scroll of blinking {unknown}
 j - a scroll of noise {unknown}
 k - a scroll of fear {unknown}
 l - 2 scrolls of identify {unknown}
 p - a scroll of summoning {unknown}
 r - a scroll of immolation {unknown}
Potions
 f - a potion of attraction {unknown}
 g - a potion of mutation {unknown}
 q - a potion of enlightenment {unknown}


   Skills:
 * Level 3.5 Fighting
 * Level 2.8 Axes
 + Level 0.2 Throwing
 * Level 3.1 Armour
 * Level 1.2 Dodging
 - Level 2.1 Shields


You had 3 spell levels left.
You didn't know any spells.
Your spell library contained the following spells:

 Spells                   Type           Power      Damage    Failure   Level
 Magic Dart               Conj           0%         1d3       80%         1
 Blink                    Tloc           0%         N/A       90%         2
 Call Imp                 Summ           0%         N/A       90%         2


Dungeon Overview and Level Annotations

Branches:
Dungeon (3/15)

Altars:


Innate Abilities, Weirdness & Mutations

You can wield a second weapon in your off-hand.
It takes a long time for you to wield or remove held weapons.
Your first few attacks do less damage.
You cannot equip rings or amulets.


Message History

You barely miss the orc with your +0 war axe.
The orc is moderately wounded.
You barely miss the orc with your +0 flail.
The orc hits you but does no damage.
You closely miss the orc with your +0 flail.
The orc is moderately wounded.
You barely miss the orc with your +0 war axe.
The orc hits you with a +0 flail. The orc barely misses you.
You barely miss the orc with your +0 flail.
The orc is moderately wounded.
You slash the orc with your +0 war axe!
You kill the orc!
You hit the hobgoblin with your +0 flail.
The hobgoblin is heavily wounded.
You barely miss the hobgoblin with your +0 war axe.
The hobgoblin hits you but does no damage.
You hit the hobgoblin with your +0 flail.
The hobgoblin is almost dead.
You closely miss the hobgoblin with your +0 war axe.
The hobgoblin hits you. x2
You are too injured to fight recklessly!
You are too injured to fight recklessly!
You are too injured to fight recklessly!
You are too injured to fight recklessly!
Unknown command.
You barely miss the hobgoblin with your +0 flail.
The hobgoblin is almost dead.
You closely miss the hobgoblin with your +0 war axe.
The hobgoblin barely misses you.
You sock the hobgoblin with your +0 flail!
You kill the hobgoblin!
The bat hits you but does no damage. The bat closely misses you.
You closely miss the bat with your +0 war axe.
You sock the bat with your +0 flail!
You kill the bat!
The iguana bites you!
* * * LOW HITPOINT WARNING * * *
You feel very mighty all of a sudden. The iguana bites you!
You die...

.>.ß.>.
##.......## #
#.... ....#
#.##...# #...##
#.#.... #....#
...ß.# #.ß.+
#...# #...# #.###
##l## # #.#.#
#@##.#
#.##...#####....#
#........<..†####
#####.######.#
#.# #.# #.# #.#
#.# #.# ##.## #.#
#...#####.#


You could see an iguana.

Vanquished Creatures
  An adder (D:3)
  A dart slug (D:1)
  2 ribbon worms (D:2)
  An orc (D:3)
  7 ball pythons
  2 endoplasms
  3 giant cockroaches (D:1)
  3 goblins
  6 hobgoblins
  2 jackals (D:1)
  3 quokkas (D:1)
  4 bats
  4 frilled lizards (D:1)
  A kobold (D:1)
  7 rats
47 creatures vanquished.

Notes
Turn   | Place    | Note
-------+----------+-------------------------------------------
     0 | D:1      | Nvm9 the Coglin Fighter began the quest for the Orb.
     0 | D:1      | Reached XP level 1. HP: 18/18 MP: 1/1
   170 | D:1      | Reached XP level 2. HP: 24/24 MP: 2/2
   318 | D:1      | Reached XP level 3. HP: 27/29 MP: 3/3
   344 | D:1      | Found a faded altar of an unknown god.
  1097 | D:2      | Reached skill level 1 in Dodging
  1369 | D:3      | Reached XP level 4. HP: 35/35 MP: 4/4
  1389 | D:3      | Slain by an iguana

Illustrated notes

Levels and vault maps discovered:
D:1:      heliophobic_arrival_enchanted_forest, layout_basic,
          ebering_ecumenical_altar_sacrificial
D:2:      layout_rooms, nrook_uturn, minmay_misc_feat_secret_circle
D:3:      layout_loops_ring, grunt_ministairs_13

Skill      XL: |  1  2  3 |
---------------+----------+-----
Armour         | 3 |  3.1
Dodging        | 1 |  1.2
Fighting       | |  3.5
Axes           | |  2.8
Throwing       | |  0.2
Shields        | |  2.1

Action                     |  1- 3 |  4- 6 || total
---------------------------+-------+-------++-------
  Melee: War axe           |    73 |    13 ||    86
         Flail             |    23 |    14 ||    37
    Use: Potion            |       |     1 ||     1
 Armour: Scale mail        |    67 |    18 ||    85
  Dodge: Dodged            |    41 |    10 ||    51

Table legend: (Time is in decaauts)
 A = Elapsed time spent in this place.
 B = Non-inter-level travel time spent in this place.
 C = Inter-level travel time spent in this place.
 D = Time resting spent in this place.
 E = Time spent auto-exploring this place.
 F = Levels seen in this place.
 G = Mean time per level.
                   A        B        C        D        E       F      G
               +--------+--------+--------+--------+--------+-----+--------+
         Total |   1421 |   1362 |     59 |     33 |   1015 |   3 |  473.7 |
       Dungeon |   1421 |   1362 |     59 |     33 |   1015 |   3 |  473.7 |
               +--------+--------+--------+--------+--------+-----+--------+

Top non-repeatable levels by time:
     D:1: 736 daAuts
     D:2: 633 daAuts
     D:3: 51 daAuts
